 Dungeon Crawl Stone Soup version 0.30.0-10-gfe55d96785 (webtiles) character file.

Game seed: 12527610055871375827

84 voltaire321 the Trooper (level 4, -2/40 HPs)
             Began as a Hill Orc Fighter on May 13, 2023.
             Succumbed to Ijyb's poison
             ... on level 3 of the Dungeon.
             The game lasted 00:02:40 (1556 turns).

voltaire321 the Trooper (Hill Orc Fighter)          Turns: 1556, Time: 00:02:41

Health: -2/40      AC:  7    Str: 18    XL:     4   Next: 45%
Magic:  4/4        EV:  9    Int: 10    God:
Gold:   69         SH:  4    Dex: 10    Spells: 3/3 levels left

rFire   . . .        a - +0 war axe
rCold   . . .        c - +0 buckler
rNeg    . . .        b - +0 scale mail
rPois   .            (no helmet)
rElec   .            (no cloak)
rCorr   .            (no gloves)
SInv    .            (no boots)
Will    .....        (no amulet) Stlth
                     (no ring)
HPRegen 0.26/turn    (no ring)
MPRegen 0.09/turn

%: no passive effects
@: lethally poisoned (-2 -> -26)
A: no striking features
a: no special abilities


You were on level 3 of the Dungeon.
You visited 1 branch of the dungeon, and saw 3 of its levels.

You collected 69 gold pieces.

Inventory:

Hand Weapons
 a - a +0 war axe (weapon)
Armour
 b - a +0 scale mail (worn)
 c - a +0 buckler (worn)
Scrolls
 e - a scroll of vulnerability {unknown}
 f - a scroll of teleportation {unknown}
 g - 2 scrolls of enchant weapon {unknown}
 h - 2 scrolls of magic mapping {unknown}
 j - a scroll of fog {unknown}
Potions
 d - 3 potions of might
 i - a potion of degeneration {unknown}


   Skills:
 + Level 4.2 Fighting
 + Level 3.6 Axes
 + Level 3.8 Armour
 + Level 1.2 Dodging
 + Level 3.9 Shields


You had 3 spell levels left.
You didn't know any spells.
Your spell library contained the following spells:

 Spells                   Type           Power      Damage    Failure   Level
 Sting                    Tmut/Pois      0%         1d3       83%         1
 Poisonous Vapours        Pois/Air       0%         N/A       92%         2
 Olgreb's Toxic Radiance  Pois           0%         N/A       100%        4


Dungeon Overview and Level Annotations

Branches:
Dungeon (3/15)

Altars:

Annotations:
D:1 1 runed translucent door
D:3 Ijyb


Message History

You block the rat's attack.
You barely miss Ijyb.
Ijyb is heavily wounded.
You hit the rat but do no damage.
You feel sick. The rat bites you but does no damage. Ijyb closely misses you.
You closely miss Ijyb.
Ijyb is heavily wounded.
You slash the rat!
You kill the rat!
You feel sick. You block Ijyb's attack.
Ijyb hits you with a +2 dagger of venom.
You are more poisoned.
You miss Ijyb.
Ijyb is heavily wounded.
You feel very sick. Ijyb closely misses you.
You hit Ijyb.
Ijyb is heavily wounded.
You feel sick. Ijyb barely misses you.
You slash Ijyb!
Ijyb is severely wounded.
You feel sick.
Ijyb hits you with a +2 dagger of venom.
You are more poisoned.
Ijyb hits you with a +2 dagger of venom.
You hit Ijyb but do no damage.
Ijyb is severely wounded.
You feel very sick. Ijyb hits you but does no damage.
You are lethally poisoned!
You miss Ijyb.
Ijyb is severely wounded.
* * * LOW HITPOINT WARNING * * *
You feel very sick.
Ijyb hits you with a +2 dagger of venom.
* * * LOW HITPOINT WARNING * * *
You are more poisoned.
You closely miss Ijyb.
Ijyb is severely wounded.
You die...

#...).............
#####....<###........#
##.....................
##......................
##...........##..#.......
.........!?.....##.......
#..........#####...####.
#..........# .### .
#...[..@...#
##....g........
#...........###
#..........##
#.........)# #..........#
#..........# ##.)......##


You could see Ijyb.

Vanquished Creatures
  2 adders (D:2)
  A worm (D:2)
  A dart slug (D:2)
  3 bats (D:1)
  5 endoplasms
  3 giant cockroaches
  9 goblins
  2 hobgoblins (D:1)
  8 jackals
  3 quokkas (D:1)
  5 ball pythons
  3 frilled lizards
  6 kobolds
  2 rats
53 creatures vanquished.

Notes
Turn   | Place    | Note
-------+----------+-------------------------------------------
     0 | D:1      | voltaire321 the Hill Orc Fighter began the quest for the
                  | Orb.
     0 | D:1      | Reached XP level 1. HP: 19/19 MP: 1/1
     1 | D:1      | Found a runed translucent door.
    47 | D:1      | Reached XP level 2. HP: 15/27 MP: 2/2
   303 | D:1      | Reached XP level 3. HP: 33/33 MP: 3/3
   519 | D:1      | Reached skill level 4 in Fighting
  1013 | D:2      | Reached skill level 1 in Dodging
  1013 | D:2      | Reached XP level 4. HP: 25/40 MP: 4/4
  1542 | D:3      | Noticed Ijyb
  1556 | D:3      | Succumbed to Ijyb's poison

Illustrated notes

Levels and vault maps discovered:
D:1:      dpeg_arrival_caged_fury, layout_loops_cross
D:2:      layout_basic
D:3:      layout_rooms, minmay_pentomino_pile, uniq_ijyb

Skill      XL: |  1  2  3 |
---------------+----------+-----
Axes           | 3 |  3.6
Fighting       | 4 |  4.2
Dodging        | 1 |  1.2
Armour         | |  3.8
Shields        | |  3.9

Action                     |  1- 3 |  4- 6 || total
---------------------------+-------+-------++-------
  Melee: War axe           |   103 |    39 ||   142
 Armour: Scale mail        |    70 |    18 ||    88
  Dodge: Dodged            |    62 |    18 ||    80
  Block: Buckler           |    33 |    13 ||    46
